 Dungeon Crawl Stone Soup version 0.30-a0-586-g23e55c9e0a (webtiles) character file.

Game seed: 6839624571484286411

392 ragingrage the Stinger (level 6, -2/41 HPs)
             Began as a Demonspawn Venom Mage on Jan 3, 2023.
             Killed from afar by Pikel (12 damage)
             ... with a bolt of light
             ... on level 4 of the Dungeon.
             The game lasted 00:05:01 (3714 turns).

ragingrage the Stinger (Demonspawn Venom Mage)      Turns: 3714, Time: 00:05:01

Health: -2/41      AC:  8    Str:  8    XL:     6   Next: 51%
Magic:  5/9        EV: 12    Int: 23    God:
Gold:   181        SH:  0    Dex: 14    Spells: 2/9 levels left

rFire   . . .      SeeInvis .    v - +0 short sword
rCold   . . .      Faith    .    (no shield)
rNeg    + . .      Spirit   .    a - +0 robe
rPois   +          Reflect  .    (helmet restricted)
rElec   .          Harm     .    D - +2 ratskin cloak {*Rats rPois rN+ Str-1 Int-1 Dex+1}
rCorr   .          Rampage  .    (no gloves)
Will    .....                    (no boots)
Stlth   +++                      (no amulet)
HPRegen 0.26/turn                B - +6 ring of intelligence
MPRegen 0.11/turn                (no ring)

@: no status effects
A: horns 1, slimy green scales 2
a: no special abilities


You were on level 4 of the Dungeon.
You visited 1 branch of the dungeon, and saw 4 of its levels.

You collected 181 gold pieces.

Inventory:

Hand Weapons
 v - a +0 short sword (weapon)
Missiles
 m - 3 boomerangs
 s - 12 poisoned darts
 w - 5 atropa-tipped darts
 A - 4 silver javelins
Armour
 a - a +0 robe (worn)
 D - the +2 ratskin cloak (worn) {*Rats rPois rN+ Str-1 Int-1 Dex+1}
   (You found it on level 3 of the Dungeon)

   When the wearer is hurt, rats may emerge from it to assist them.
   Str:       It affects your strength (-1).
   Int:       It affects your intelligence (-1).
   Dex:       It affects your dexterity (+1).
   rPois:     It protects you from poison.
   rN:        It protects you from negative energy.
Jewellery
 e - an amulet of guardian spirit
 f - a ring of fire
 B - a +6 ring of intelligence (left hand)
Wands
 r - a wand of charming (8)
Scrolls
 c - a scroll of magic mapping {unknown}
 d - a scroll of noise {unknown}
 i - 3 scrolls of brand weapon
 j - a scroll of enchant armour {unknown}
 l - a scroll of teleportation {unknown}
 o - 2 scrolls of summoning
 t - a scroll of silence {unknown}
 x - a scroll of vulnerability {unknown}
 y - a scroll of blinking {unknown}
 C - a scroll of amnesia {unknown}
 E - a scroll of poison {unknown}
Potions
 b - 2 potions of magic
 g - a potion of degeneration {unknown}
 h - a potion of lignification {unknown}
 n - 3 potions of attraction
 p - a potion of heal wounds
 q - 3 potions of flight
 u - 3 potions of might
 z - 2 potions of curing {unknown}


   Skills:
 - Level 1.7 Dodging
 + Level 4.7 Stealth
 - Level 2.0 Spellcasting
 - Level 0.8 Transmutations
 + Level 5.9 Poison Magic


You had 2 spell levels left.
You knew the following spells:

 Your Spells              Type           Power      Damage    Failure   Level
a - Sting                 Tmut/Pois      68%        1d6       3%          1
b - Poisonous Vapours     Pois/Air       30%        N/A       6%          2
c - Olgreb's Toxic Radia  Pois           29%        N/A       11%         4

Your spell library contained the following spells:

 Spells                   Type           Power      Damage    Failure   Level
 Slow                     Hex            8%         N/A       13%         1
 Mephitic Cloud           Conj/Pois/Air  11%        N/A       17%         3
 Confusing Touch          Hex            2%         N/A       36%         3
 Vampiric Draining        Necr           2%         2d6       36%         3


Dungeon Overview and Level Annotations

Branches:
Dungeon (4/15)
 Temple: D:4-7

Altars:
Dithmenos

Shops:
D:4 (

Annotations:
D:2 1 runed translucent door, Crazy Yiuf, Natasha
D:3 3 runed translucent doors, exclusion: downstairs, bande's ghost, amateur GrFi
D:4 Pikel


Innate Abilities, Weirdness & Mutations

You have a pair of small horns on your head.
You are mostly covered in slimy green scales. (AC +3)


Message History

A quokka comes into view.
A quokka is nearby!
The sting hits the quokka.
The quokka is poisoned.
You kill the quokka!
No target in view!
You can't see any susceptible monsters within range! (Use Z to cast anyway.) No target in view!
You can't see any susceptible monsters within range! (Use Z to cast anyway.) Magic restored.
You see here a quokka corpse.
Casting: Sting (safe; 3% risk of failure)
Confirm with . or Enter, or press ? or * to list all spells.
Aiming: Poisonous Vapours (safe; 6% risk of failure)
Press: ? - help, Dir - move target, f - Pikel
Aim: Pikel, wielding a +0 whip of flaming, wearing a +0 robe and carrying a wand of light (4) Poisonous vapours surround Pikel!
Pikel is poisoned.
Casting: Poisonous Vapours (safe; 6% risk of failure)
Confirm with . or Enter, or press ? or * to list all spells.
Aiming: Poisonous Vapours (safe; 6% risk of failure)
Press: ? - help, Dir - move target, f/p - Pikel
Aim: Pikel, wielding a +0 whip of flaming, wearing a +0 robe and carrying a wand of light (4) (poisoned) Poisonous vapours surround Pikel!
Pikel looks even sicker.
Pikel zaps a wand.
The bolt of light hits you!
You are confused.
A hell rat scurries out from under your cloak.
You're too confused to cast spells.
You bump into the rock wall.
Pikel zaps a wand.
The bolt of light hits you!
* * * LOW HITPOINT WARNING * * *
Unknown command.
Are you sure you want to stumble around while confused and next to your hell rat?
Okay, then.
It was a potion of cancellation.
Your magical effects are unravelling.
You feel magically purged.
You feel less confused.
Okay, then.
You swap places.
Pikel zaps a wand.
The bolt of light hits your hell rat!
Your hell rat dies!
The bolt of light hits you!
You die...

.....# ##.##.#..#
...... ........###
...... #$.......#
...... #..K.....#
...... .###........#
.K.................#
###....########.####
.. >.
........####..# #
########@.....#
########.####.#
#....†......#
#.######.##.# #.#
#.# # #.# #.# #.#
#.# ########.# #.#
#........# #.#


You could see Pikel (very poisoned).

Vanquished Creatures
  Grinder (D:3)
  An orc priest (D:3)
  Jessica (D:2)
  Natasha (D:2)
  5 adders
  A worm (D:2)
  3 dart slugs (D:1)
  3 orcs
  3 bats
  4 endoplasms
  2 giant cockroaches (D:1)
  4 goblins
  6 hobgoblins
  3 quokkas
  14 ball pythons
  6 kobolds
  A rat (D:3)
59 creatures vanquished.

Notes
Turn   | Place    | Note
-------+----------+-------------------------------------------
     0 | D:1      | ragingrage the Demonspawn Venom Mage began the quest for
                  | the Orb.
     0 | D:1      | Reached XP level 1. HP: 13/13 MP: 3/3
   237 | D:1      | Gained mutation: You are partially covered in slimy green
                  | scales. (AC +2) [demonic ancestry]
   237 | D:1      | Reached XP level 2. HP: 19/19 MP: 1/5
   240 | D:1      | Learned a level 2 spell: Poisonous Vapours
   822 | D:1      | Reached skill level 4 in Poison Magic
  1171 | D:2      | Gained mutation: You have a pair of small horns on your
                  | head. [demonic ancestry]
  1171 | D:2      | Reached XP level 3. HP: 22/24 MP: 0/6
  1433 | D:2      | Noticed Natasha
  1440 | D:2      | Killed Natasha
  1846 | D:2      | Reached XP level 4. HP: 29/30 MP: 3/7
  2076 | D:2      | Noticed Jessica
  2082 | D:2      | Killed Jessica
  2176 | D:2      | Found a runed translucent door.
  2177 | D:2      | Noticed Crazy Yiuf
  2179 | D:2      | Noticed Natasha
  2424 | D:3      | Found a shadowy altar of Dithmenos.
  2498 | D:3      | Gained mutation: You are mostly covered in slimy green
                  | scales. (AC +3) [demonic ancestry]
  2498 | D:3      | Reached XP level 5. HP: 35/35 MP: 5/8
  2552 | D:3      | Reached skill level 5 in Poison Magic
  2642 | D:3      | Found a runed translucent gate.
  2642 | D:3      | Found a runed translucent gate.
  2642 | D:3      | Found a runed translucent gate.
  2653 | D:3      | Noticed bande's ghost (amateur GrFi)
  2852 | D:3      | Learned a level 4 spell: Olgreb's Toxic Radiance
  2894 | D:3      | Found the +2 ratskin cloak {*Rats rPois rN+ Str-1 Int-1
                  | Dex+1}
  2917 | D:3      | Noticed Grinder
  2971 | D:3      | Paralysed by Grinder for 5 turns
  2982 | D:3      | Paralysed by Grinder for 2 turns
  2989 | D:3      | Paralysed by Grinder for 3 turns
  2993 | D:3      | Paralysed by Grinder for 3 turns
  2995 | D:3      | Killed Grinder
  2996 | D:3      | Reached XP level 6. HP: 24/41 MP: 1/9
  3366 | D:4      | Found Ifit's Weapon Emporium.
  3527 | D:4      | Noticed Pikel
  3714 | D:4      | Killed from afar by Pikel

Illustrated notes

Levels and vault maps discovered:
D:1:      dpeg_arrival_arbitrary_b, layout_basic, glass_columns_b,
          nrook_mini_backslash, dreamdust_princess_corridor, grunt_decor_cap,
          st_stairs_6, serial_bayou_lake_a
D:2:      layout_basic, minmay_snake_closets, uniq_natasha, uniq_jessica,
          uniq_crazy_yiuf_cottage
D:3:      layout_basic, nicolae_dithmenos_the_darkroom,
          gammafunk_ghost_necromancy, uniq_grinder
D:4:      layout_basic, serial_shops, nicolae_shop_bloodbath_and_beyond,
          uniq_pikel

Skill      XL: |  1  2  3  4  5 |
---------------+----------------+-----
Stealth        | 2 3 4 |  4.7
Poison Magic   | 4 5 |  5.9
Dodging        | |  1.7
Spellcasting   | |  2.0
Transmutations | |  0.8

Action                   |  1- 3 |  4- 6 || total
-------------------------+-------+-------++-------
Melee: Unarmed           |     8 |       ||     8
       Dagger            |    16 |    11 ||    27
       Headbutt          |     1 |     5 ||     6
       Punch             |     1 |     1 ||     2
       Short sword       |       |    21 ||    21
 Cast: Sting             |    45 |    47 ||    92
       Poisonous Vapours |     3 |    11 ||    14
Evoke: Wand              |       |     1 ||     1
  Use: Scroll            |       |     5 ||     5
       Potion            |       |     1 ||     1
 Stab: Sleeping          |     2 |     6 ||     8
Armor: Robe              |    13 |    13 ||    26
Dodge: Dodged            |    24 |    30 ||    54

Table legend: (Time is in decaauts)
 A = Elapsed time spent in this place.
 B = Non-inter-level travel time spent in this place.
 C = Inter-level travel time spent in this place.
 D = Time resting spent in this place.
 E = Time spent auto-exploring this place.
 F = Levels seen in this place.
 G = Mean time per level.
                   A        B        C        D        E       F      G
               +--------+--------+--------+--------+--------+-----+--------+
         Total |   3730 |   3606 |    124 |    507 |   2528 |   4 |  932.5 |
       Dungeon |   3730 |   3606 |    124 |    507 |   2528 |   4 |  932.5 |
               +--------+--------+--------+--------+--------+-----+--------+

Top non-repeatable levels by time:
     D:2: 1180 daAuts
     D:1: 1148 daAuts
     D:3: 1141 daAuts
     D:4: 261 daAuts
